 Dungeon Crawl Stone Soup version 0.27.1-34-g3ba077fa99 (webtiles) character file.

Game seed: 2656408753938202745

18113 Karpo the Geomancer (level 12, -4/75 HPs)
             Began as a Gargoyle Earth Elementalist on Jan 3, 2022.
             Was a Priest of Vehumet.
             Slain by Snorg (10 damage)
             ... on level 3 of the Lair of Beasts on Jan 5, 2022.
             The game lasted 01:08:13 (17823 turns).

Karpo the Geomancer (Gargoyle Earth Elementalist)  Turns: 17823, Time: 01:08:13

Health: -4/75      AC: 20    Str: 11 (12) XL:     12   Next: 55%
Magic:  16/24      EV: 16    Int: 20 (21) God:    Vehumet [***...]
Gold:   842        SH:  0    Dex:  9 (10) Spells: 18/27 levels left

rFire    . . .     SeeInvis .   H - +4 morningstar
rCold    . . .     Faith    .   (no shield)
rNeg     + . .     Spirit   .   f - +0 acid dragon scales
rPois    ∞         Reflect  .   N - +1 hat
rElec    +         Harm     .   (no cloak)
rCorr    +         Rampage  .   (no gloves)
Will     .....                  (no boots)
Stlth    +.........             (no amulet)
HPRegen  0.22/turn              u - +4 ring of protection
MPRegen  0.19/turn              w - +4 ring of evasion

@: about to teleport
A: sickness immunity, AC +8, negative energy resistance 1, electricity
resistance, torment resistance 1, petrification resistance
a: Renounce Religion


You were on level 3 of the Lair of Beasts.
You worshipped Vehumet.
Vehumet was most pleased with you.
You visited 3 branches of the dungeon, and saw 15 of its levels.

You collected 842 gold pieces.

Inventory:

Hand Weapons
 s - a +2 whip of electrocution
 H - a +4 morningstar (weapon)
Missiles
 c - 361 stones
Armour
 f - +0 acid dragon scales (worn)
 A - a +2 cloak of preservation
 N - a +1 hat (worn)
Jewellery
 j - a ring of fire
 m - a +6 ring of intelligence
 o - a ring of wizardry
 u - a +4 ring of protection (left hand)
 w - a +4 ring of evasion (right hand)
 E - a ring of fire
 I - a ring of ice
 K - a +6 ring of strength
Wands
 p - a wand of polymorph (8)
 J - a wand of acid (12)
Scrolls
 a - 5 scrolls of identify
 e - a scroll of immolation {unknown}
 g - a scroll of noise {unknown}
 i - a scroll of blinking
 t - 2 scrolls of magic mapping
 C - a scroll of amnesia
 M - 4 scrolls of teleportation
 O - 3 scrolls of fog {unknown}
 Q - a scroll of fear
 R - 2 scrolls of brand weapon {unknown}
Potions
 d - a potion of flight
 h - 4 potions of brilliance
 k - 6 potions of curing
 l - 4 potions of haste
 n - a potion of might {unknown}
 q - 3 potions of degeneration
 r - a potion of invisibility
 x - 2 potions of lignification {unknown}
 z - 2 potions of mutation {unknown}
 D - a potion of magic
 G - 2 potions of ambrosia
Miscellaneous
 b - a condenser vane


   Skills:
 + Level 8.9 Fighting
 - Level 8.0 Maces & Flails
 - Level 2.0 Armour
 + Level 5.0 Dodging
 - Level 2.1 Stealth
 + Level 8.0 Spellcasting
 + Level 10.1 Conjurations
 - Level 0.7 Transmutations
 + Level 11.8 Earth Magic


You had 18 spell levels left.
You knew the following spells:

 Your Spells              Type           Power      Damage    Failure   Level
a - Sandblast             Erth           100%       2d20      1%          1
b - Stone Arrow           Conj/Erth      100%       3d13      1%          3
c - Lee's Rapid Deconstr  Erth           26%        3d15*     1%          5

Your spell library contained the following spells:

 Spells                   Type           Power      Damage    Failure   Level
 Poisonous Vapours        Pois/Air       16%        N/A       5%          2
 Magic Dart               Conj           100%       1d8       1%          1
 Shock                    Conj/Air       100%       1d9       1%          1
 Passwall                 Tmut/Erth      27%        N/A       1%          2
 Searing Ray              Conj           96%        3d7       1%          2
 Static Discharge         Conj/Air       28%        N/A       1%          2
 Fulminant Prism          Conj/Hex       14%        3d9       4%          4
 Petrify                  Tmut/Erth      33%        N/A       10%         4
 Lightning Bolt           Conj/Air       14%        1d27      12%         5
 Pain                     Necr           32%        1d5       13%         1
 Summon Small Mammal      Summ           32%        N/A       13%         1
 Airstrike                Air            4%         N/A       30%         4
 Borgnjor's Vile Clutch   Necr/Erth      15%        N/A       30%         5
 Call Canine Familiar     Summ           8%         N/A       36%         3
 Summon Guardian Golem    Hex/Summ       8%         N/A       36%         3
 Swiftness                Air            8%         N/A       36%         3
 Orb of Destruction       Conj           24%        9d10      38%         7
 Summon Lightning Spire   Summ/Air       8%         N/A       77%         4
 Spellforged Servitor     Conj/Summ      14%        N/A       95%         7
 Alistair's Intoxication  Tmut/Pois      6%         N/A       97%         5
 Eringya's Noxious Bog    Tmut/Pois      4%         N/A       98%         6
 Haunt                    Necr/Summ      4%         N/A       100%        7
 Malign Gateway           Summ/Tloc      4%         N/A       100%        7
 Maxwell's Capacitive Co  Air            4%         ∞         100%        8
 Summon Horrible Things   Summ           4%         N/A       100%        8
 Chain Lightning          Conj/Air       14%        3d18      100%        9
 Fire Storm               Conj/Fire      14%        8d4       100%        9


Dungeon Overview and Level Annotations

Branches:
Dungeon (11/15)            Temple (1/1) D:6            Lair (3/6) D:11
 Shoals (0/4) Lair:2          Orc (0/2) D:11
  Snake: Lair:2-4    Spider: Lair:2-4

Altars:
Ashenzari
Cheibriados
Dithmenos
Elyvilon
Fedhas
Gozag
Hepliaklqana
Kikubaaqudgha
Makhleb
Nemelex Xobeh
Okawaru
Qazlal
Ru
Sif Muna
Trog
Uskayaw
Vehumet
Wu Jian
Xom
Yredelemnul
Zin
The Shining One

Shops:
D:5 =   D:9 [

Portals:
Trove: D:11 (give 2 scrolls of acquirement)

Annotations:
Lair:1 Fannar
Lair:3 Snorg


Innate Abilities, Weirdness & Mutations

You are immune to sickness and miasma.
Your stone body is resilient. (AC +8)
You are immune to poison.
You resist negative energy. (rN+)
You are resistant to electric shocks. (rElec)
You are resistant to unholy torment.
You are immune to petrification.


Message History

Snorg rages.
You puncture the yak!
You kill the yak!
Vehumet accepts your kill.
Casting: Stone Arrow (safe; 1% risk of failure)
Confirm with . or Enter, or press ? or * to list all spells.
Aiming: Stone Arrow (safe; 1% risk of failure)
Press: ? - help, Shift-Dir - straight line, f - Snorg
Aim: Snorg (berserk, 78% to hit)
The stone arrow hits Snorg!!
Snorg is lightly wounded.
Snorg bites you! Snorg claws you but does no damage.
Snorg closely misses you. x2
Snorg misses you. Snorg claws you!
Casting: Stone Arrow (safe; 1% risk of failure)
Confirm with . or Enter, or press ? or * to list all spells.
Aiming: Stone Arrow (safe; 1% risk of failure)
Press: ? - help, Shift-Dir - straight line, f/p - Snorg
Aim: Snorg (lightly wounded, berserk, 78% to hit)
The stone arrow misses Snorg.
Snorg barely misses you. Snorg claws you but does no damage. Snorg claws you.
Casting: Stone Arrow (safe; 1% risk of failure)
Confirm with . or Enter, or press ? or * to list all spells.
Aiming: Stone Arrow (safe; 1% risk of failure)
Press: ? - help, Shift-Dir - straight line, f/p - Snorg
Aim: Snorg (lightly wounded, berserk, 78% to hit)
The stone arrow hits Snorg!!
Snorg is moderately wounded.
Snorg bites you! Snorg claws you! Snorg closely misses you.
Snorg bites you but does no damage. Snorg claws you!
* * * LOW HITPOINT WARNING * * *
Snorg misses you.
Okay, then.
You can't see any enemies this would affect, really read the scroll of fear?
Okay, then.
As you read the scroll of teleportation, it crumbles to dust.
You feel strangely unstable. Snorg closely misses you. Snorg misses you.
Snorg barely misses you. Snorg bites you but does no damage.
Snorg closely misses you. Snorg claws you but does no damage. Snorg bites you!
You die...

.................## .
..#...P..........# ..
#...............#
..###..##......##...###
...#..........†##...#.###
...........[.##.#.....#.#
........#.Y.####.......##
.........Y#.P##.T......#
..[#......######@......##
...........#.....#P...#.#
.....#..........###....##
.?....#P...#.....#####..#
..>..##....####..##P...##
.....##....#.P.#.......###
.................).<.....###.
^..#...#..>##................
..##<..#.$#.##...............


You could see Snorg (berserk).

Vanquished Creatures
  Gastronok (Lair:1)
  2 two-headed ogres
  Sonja (D:10)
  Pikel (D:4)
  A manticore (D:11)
  A cyclops (D:7)
  2 centaur zombies
  3 cane toads
  A rime drake (Lair:2)
  A kobold demonologist (D:11)
  A komodo dragon (Lair:2)
  A polar bear (Lair:1)
  2 trolls (D:11)
  33 yaks
  A wyvern (Lair:1)
  2 shadows (D:9)
  A wraith (D:11)
  Eustachio (D:6)
  A steam dragon (D:10)
  2 basilisks (Lair:1)
  3 wargs (D:11)
  2 acid dragons
  6 water moccasins
  6 orc warriors
  An ice beast (D:7)
  A sky beast (D:7)
  3 ogres
  3 centaurs
  4 phantoms
  Blork the orc (D:5)
  2 kobold brigands (D:7)
  8 bullfrogs
  4 scorpions
  A water moccasin skeleton (D:6)
  3 wights (D:8)
  A bullfrog zombie (D:5)
  3 centaur skeletons (D:7)
  2 jellies
  3 hounds
  9 orc priests
  Crazy Yiuf (D:5)
  A gnoll shaman (D:8)
  A bullfrog skeleton (D:6)
  2 iguanas (D:6)
  Ijyb (D:4)
  4 orc wizards
  5 gnolls
  A howler monkey skeleton (D:7)
  3 adders (D:2)
  An ufetubus (D:7)
  A worm (D:1)
  6 dart slugs
  27 orcs
  9 ball pythons
  5 endoplasms
  2 giant cockroaches
  7 goblins
  7 hobgoblins
  10 bats
  A frilled lizard (D:2)
  11 kobolds
  5 rats
236 creatures vanquished.

Vanquished Creatures (others)
  5 fungi
  2 plants
7 creatures vanquished.

Grand Total: 243 creatures vanquished

Notes
Turn   | Place    | Note
-------+----------+-------------------------------------------
     0 | D:1      | Karpo the Gargoyle Earth Elementalist began the quest for
                  | the Orb.
     0 | D:1      | Reached XP level 1. HP: 10/10 MP: 3/3
   185 | D:1      | Reached XP level 2. HP: 15/15 MP: 3/5
   210 | D:1      | Reached skill level 4 in Earth Magic
   580 | D:2      | Reached XP level 3. HP: 19/19 MP: 4/7
   997 | D:1      | Learned a level 3 spell: Stone Arrow
  1593 | D:2      | Noticed an ogre
  1599 | D:2      | Killed an ogre
  1600 | D:2      | Reached skill level 1 in Conjurations
  1600 | D:2      | Reached skill level 5 in Earth Magic
  1600 | D:2      | Reached XP level 4. HP: 24/24 MP: 0/9
  1600 | D:2      | Reached XP level 5. HP: 28/28 MP: 0/10
  1762 | D:3      | Found a faded altar of an unknown god.
  1762 | D:3      | Noticed a phantom
  2397 | D:3      | Killed a phantom
  2398 | D:3      | Reached XP level 6. HP: 9/32 MP: 3/11
  3113 | D:4      | Noticed Pikel
  3405 | D:4      | Reached skill level 6 in Earth Magic
  3523 | D:4      | Killed Pikel
  3524 | D:4      | Reached skill level 5 in Spellcasting
  3524 | D:4      | Reached skill level 7 in Earth Magic
  3524 | D:4      | Reached XP level 7. HP: 16/36 MP: 3/14
  3704 | D:4      | Reached XP level 8. HP: 40/42 MP: 13/15
  3937 | D:4      | Reached skill level 5 in Conjurations
  4166 | D:4      | Noticed Ijyb
  4180 | D:4      | Killed Ijyb
  4181 | D:4      | Reached skill level 1 in Fighting
  4454 | D:5      | Entered Level 5 of the Dungeon
  4460 | D:5      | Reached skill level 1 in Maces & Flails
  4901 | D:5      | Noticed Blork the orc
  4908 | D:5      | Killed Blork the orc
  5190 | D:5      | Found a runed translucent door.
  5191 | D:5      | Noticed Crazy Yiuf
  5197 | D:5      | Killed Crazy Yiuf
  5368 | D:5      | Found Xaimi's Jewellery Shoppe.
  5819 | D:6      | Reached skill level 8 in Earth Magic
  6047 | D:6      | Found a white marble altar of Elyvilon.
  6089 | D:6      | Found a staircase to the Ecumenical Temple.
  6099 | Temple   | Entered the Ecumenical Temple
  6159 | Temple   | Became a worshipper of Vehumet
  6283 | D:6      | Reached XP level 9. HP: 50/50 MP: 17/17
  6606 | D:6      | Noticed Eustachio
  6612 | D:6      | Killed Eustachio
  6813 | D:6      | Found a sparkling altar of Nemelex Xobeh.
  6937 | D:6      | Found a hide-covered altar of Uskayaw.
  7486 | D:7      | Noticed a cyclops
  7854 | D:7      | Reached * piety under Vehumet
  7854 | D:7      | Offered knowledge of Freeze by Vehumet.
  7995 | D:7      | Reached skill level 9 in Earth Magic
  8286 | D:7      | Reached skill level 5 in Fighting
  8394 | D:7      | Reached XP level 10. HP: 59/59 MP: 11/18
  8851 | D:7      | Killed a cyclops
  9280 | D:8      | Reached skill level 5 in Maces & Flails
  9697 | D:8      | Reached skill level 1 in Armour
  9701 | D:8      | Reached ** piety under Vehumet
  9701 | D:8      | Offered knowledge of Static Discharge by Vehumet.
  9905 | D:8      | Found an ornate altar of the Wu Jian Council.
  9905 | D:8      | Found an ancient bone altar of Kikubaaqudgha.
  9905 | D:8      | Found a bloodstained altar of Trog.
 10588 | D:9      | Reached skill level 10 in Earth Magic
 10721 | D:9      | Found Diyv's Armour Boutique.
 10882 | D:9      | Found a broken altar of Ashenzari.
 11043 | D:9      | Found the +14 obsidian axe {vorpal, Mesm Drain Fly SInv}
 11122 | D:9      | Reached XP level 11. HP: 31/66 MP: 13/20
 11303 | D:9      | Found a hazy altar of Hepliaklqana.
 11361 | D:10     | Entered Level 10 of the Dungeon
 11521 | D:10     | Found an iron altar of Okawaru.
 11607 | D:10     | Noticed a two-headed ogre
 11614 | D:10     | Killed a two-headed ogre
 12231 | D:10     | Noticed Sonja
 12710 | D:10     | Killed Sonja
 13557 | D:11     | Reached skill level 11 in Earth Magic
 13812 | D:11     | Found a staircase to the Lair.
 13818 | Lair:1   | Entered Level 1 of the Lair of Beasts
 13823 | Lair:1   | Noticed Gastronok
 13836 | Lair:1   | Killed Gastronok
 14062 | D:11     | Noticed a two-headed ogre
 14068 | D:11     | Killed a two-headed ogre
 14167 | D:11     | Reached XP level 12. HP: 70/74 MP: 11/23
 14464 | D:11     | Noticed a sun demon
 14643 | D:11     | Noticed a boulder beetle
 15058 | D:11     | Identified the +5 falchion of the Three Nightmares {flame,
                  | Dex+2}
 15196 | D:11     | Offered knowledge of Poisonous Vapours by Vehumet.
 15203 | D:11     | Learned a level 5 spell: Lee's Rapid Deconstruction
 15242 | D:11     | Found a staircase to the Orcish Mines.
 15460 | D:11     | Found a portal to a secret trove of treasure.
 15698 | D:11     | Found a shimmering blue altar of Sif Muna.
 16074 | Lair:1   | You fall into a shaft and drop 1 floor!
 16091 | Lair:2   | Reached *** piety under Vehumet
 16312 | Lair:3   | Noticed Snorg
 16544 | Lair:1   | Noticed Fannar
 16777 | Lair:2   | Reached skill level 10 in Conjurations
 16822 | Lair:2   | Found a staircase to the Shoals.
 17744 | Lair:3   | Got Ecwaq's Tome of Toxins and Black Arts
 17798 | Lair:3   | Reached skill level 5 in Dodging
 17823 | Lair:3   | Slain by Snorg

Illustrated notes

Levels and vault maps discovered:
D:1:      dpeg_arrival_brainrot, layout_basic
D:2:      layout_rooms, minmay_tripent
D:3:      layout_loops_corners, shapermc_ecumenical_altar_notcrosses
D:4:      layout_basic, uniq_pikel, uniq_ijyb
D:5:      layout_basic, serial_shops, nicolae_shop_trees,
          kennysheep_generic_room_2, uniq_blork_the_orc, uniq_crazy_yiuf_cottage
D:6:      layout_basic, mainiacjoe_overflow_paths, nicolae_uskayaw_dance_hall,
          elyvilon_altar_5, minmay_temple_entry_tees, uniq_eustachio
D:7:      minmay_evil_eye, layout_basic
D:8:      layout_gridville, minitemple
D:9:      layout_cave_pools, evilmike_ruin_ashenzari, kennysheep_mini_moat,
          serial_shops, nicolae_shop_behind_doors
D:10:     layout_grid_maze, okawaru_metal_pillars_3, minmay_splitting_lines,
          uniq_sonja
D:11:     layout_irregular_city, lair_entry_dummy, david_orc_1_choice,
          portal_ice_cave_entry_pillars_2, nicolae_trove_entry_diagonal,
          nicolae_sif_muna_little_library
Temple:   dshaligram_water_room_temple
Lair:1:   layout_hall_layers, uniq_gastronok, uniq_urug, uniq_fannar
Lair:2:   layout_misc_corridors, elwin_shoals_entry_rocks, grunt_megastairs_5
Lair:3:   layout_misc_corridors, minmay_lindwurm_lava, uniq_snorg

Skill      XL: |  1  2  3  4  5  6  7  8  9 10 11 12 |
---------------+-------------------------------------+-----
Earth Magic    | 4 5 7 8 9 10 11 | 11.8
Spellcasting   | 3 5 6 7 8 |  8.0
Conjurations   | 1 2 4 5 7 8 9 10 | 10.1
Fighting       | 3 5 6 8 |  8.9
Maces & Flails | 2 4 6 7 8 |  8.0
Dodging        | 3 4 5 |  5.0
Armour         | 2 |  2.0
Stealth        | |  2.1
Transmutations | |  0.7

Action                   |  1- 3 |  4- 6 |  7- 9 | 10-12 || total
-------------------------+-------+-------+-------+-------++-------
Melee: War axe           |    41 |    53 |       |       ||    94
       Spear             |     2 |       |       |       ||     2
       Unarmed           |     1 |       |     7 |       ||     8
       Whip              |       |       |   185 |     4 ||   189
       Morningstar       |       |       |       |   269 ||   269
 Cast: Sandblast         |    24 |    15 |    14 |    21 ||    74
       Stone Arrow       |     1 |     7 |    29 |   173 ||   210
  Use: Scroll            |       |       |     4 |    13 ||    17
       Potion            |       |       |     1 |     4 ||     5
 Stab: Sleeping          |     2 |     1 |     1 |       ||     4
Armor: Robe              |    19 |    29 |    73 |    18 ||   139
       Skin              |       |       |     2 |       ||     2
       Acid dragon scale |       |       |       |   173 ||   173
Dodge: Dodged            |    32 |    43 |   168 |   300 ||   543
